 Dungeon Crawl Stone Soup version 0.19-a0-593-gf2cdb02 (webtiles) character file.

473 Arkorax the Skirmisher (level 7, -1/39 HPs)
             Began as a Vine Stalker Wanderer on June 10, 2016.
             Was an Initiate of Cheibriados.
             Slain by an ogre
             ... wielding a +0 giant club
              (2 damage)
             ... on level 4 of the Dungeon.
             The game lasted 00:03:02 (2558 turns).

Arkorax the Skirmisher (Vine Stalker Wanderer)      Turns: 2558, Time: 00:03:03

Health: -1/39      AC:  6    Str: 16    XL:     7   Next: 10%
Magic:  0/8        EV:  9    Int: 14    God:    Cheibriados [......]
Gold:   180        SH:  0    Dex: 15    Spells: 0 memorised, 6 levels left

rFire  . . .     SeeInvis .     a - +2 mace
rCold  . . .     Gourm    .     p - +0 scale mail
rNeg   . . .     Faith    .     (no shield)
rPois  .         Spirit   +     (no helmet)
rElec  .         Dismiss  .     (no cloak)
rCorr  .         Reflect  .     (no gloves)
SustAt .         Harm     .     (no boots)
MR     .....                    (no amulet)
Stlth  +.........               (no ring)
                                (no ring)

@: very slightly contaminated, slow, not resistant to hostile enchantments, very
unstealthy
A: fangs 2, regeneration 2, magic shield, antimagic bite, no device heal 3, rot
immunity
a: Bend Time, Renounce Religion


You were on level 4 of the Dungeon.
You worshipped Cheibriados.
Cheibriados was noncommittal.
You were not hungry.

You visited 2 branches of the dungeon, and saw 5 of its levels.

You collected 180 gold pieces.

Inventory:

Hand Weapons
 a - a +2 mace (weapon)
 e - a +0 dagger
Armour
 d - a +0 robe
 h - a +0 ring mail
 p - a +0 scale mail (worn)
Jewellery
 y - an uncursed amulet of regeneration {unknown}
 A - an uncursed ring of protection from fire {unknown}
Wands
 c - a wand of confusion (26/48)
 z - a wand of slowing (13/48)
Scrolls
 k - 3 scrolls of remove curse {unknown}
 m - a scroll of noise {unknown}
 o - 6 scrolls of identify {unknown}
 s - 2 scrolls of enchant weapon {unknown}
 t - a scroll of fear {unknown}
 u - 2 scrolls of blinking {unknown}
 w - 2 scrolls of enchant armour {unknown}
 x - a scroll of fog {unknown}
Potions
 b - 3 potions of curing
 i - a potion of haste {unknown}
 j - 2 potions of heal wounds {unknown}
 r - a potion of degeneration {unknown}
 v - a potion of flight {unknown}
Books
 B - a book of Maledictions

   Spells                             Type                      Level
   a - Corona                         Hexes                        1
   b - Ensorcelled Hibernation        Hexes/Ice                    2
   c - Confuse                        Hexes                        3
   d - Tukima's Dance                 Hexes                        3
   e - Dazzling Spray                 Conjuration/Hexes            3
Comestibles
 f - 3 bread rations
 g - 4 meat rations
 l - a beef jerky
 q - a slice of pizza


   Skills:
 * Level 5.4 Fighting
 * Level 4.2 Maces & Flails
 + Level 3.5 Armour
 - Level 2.4 Stealth


You had 6 spell levels left.
You didn't know any spells.

Dungeon Overview and Level Annotations

Branches:
Dungeon (4/15)             Temple (1/1) D:4

Altars:
Ashenzari
Cheibriados
Dithmenos
Elyvilon
Gozag
Hepliaklqana
Kikubaaqudgha
Makhleb
Nemelex Xobeh
Pakellas
Trog
Uskayaw
Vehumet

Annotations:
D:3 Grinder


Innate Abilities, Weirdness & Mutations

You have extremely sharp teeth.
You heal very quickly.
When hurt, damage is shared between your health and your magic reserves.
Your bite disrupts and absorbs the magic of your enemies.
Potions and wands cannot restore your health.
You are immune to rotting.


Message History

The ogre hits you with a giant club!
You sock the ogre!
The ogre is heavily wounded.
The ogre barely misses you.
You sock the ogre! You bite the ogre. You drain its power.
You feel invigorated.
The ogre is almost dead.
The ogre hits you with a giant club!
* * * LOW HITPOINT WARNING * * *
You are too injured to fight recklessly!
You are too injured to fight recklessly!
You hit the ogre.
The ogre is almost dead.
The ogre hits you with a giant club!
* * * LOW HITPOINT WARNING * * *
You barely miss the ogre. You bite the ogre. You drain its power.
You feel invigorated.
The ogre is almost dead.
The ogre hits you with a giant club!
You die...

.........(#########.###.#.#
..........# #.....#.#
.........J# # #<....#.#
..........+ .## #.##....#
..........##..# #J...####
...#######....# #.#### ..##
#.##..# #.#
##########.##..####.####
#.......##...@O.....#
#.......###..###.##.#
#.(.....$..#. #.##.###
#......### #. #.##...#
#...... #. ##h####.#
#..$<.. #. #.......#
####### ## #..####.#
#.#..####.# #....##...#


You could see an ogre.

Vanquished Creatures
  The ghost of Aksej the Slasher, an amateur DsGl of Qazlal (D:4)
  A howler monkey (D:3)
  2 hounds (D:4)
  An orc priest (D:3)
  An orc wizard (D:4)
  A worker ant (D:4)
  5 adders
  An ooze (D:4)
  2 worms
  6 orcs
  2 bats
  4 giant cockroaches
  5 hobgoblins
  2 jackals (D:2)
  3 quokkas
  A giant newt (D:4)
  4 goblins
  6 kobolds
  4 rats
52 creatures vanquished.

Notes
Turn   | Place    | Note
--------------------------------------------------------------
     0 | D:1      | Arkorax the Vine Stalker Wanderer began the quest for the Orb.
     0 | D:1      | Arkorax set off with: a +2 mace, a potion of curing, a potion of lignification, a +0 robe, a +0 dagger, a bread ration
     0 | D:1      | Reached XP level 1. HP: 12/12 MP: 2/2
   240 | D:1      | Reached XP level 2. HP: 15/16 MP: 1/3
   742 | D:2      | Found an opulent altar of Gozag.
   863 | D:2      | Reached XP level 3. HP: 21/21 MP: 4/4
  1394 | D:2      | Reached skill level 4 in Fighting
  1394 | D:2      | Reached XP level 4. HP: 21/25 MP: 5/5
  1665 | D:3      | Reached XP level 5. HP: 13/30 MP: 4/6
  1941 | D:3      | Noticed Grinder
  1960 | D:3      | Paralysed by Grinder for 3 turns
  2107 | D:4      | Gained mutation: You heal very quickly. [Vine Stalker growth]
  2107 | D:4      | Reached XP level 6. HP: 28/34 MP: 7/7
  2165 | D:4      | Found a staircase to the Ecumenical Temple.
  2165 | D:4      | Noticed Aksej's ghost (amateur DsGl)
  2205 | D:4      | Killed Aksej's ghost
  2205 | D:4      | Reached skill level 5 in Fighting
  2205 | D:4      | Reached XP level 7. HP: 30/39 MP: 8/8
  2228 | Temple   | Entered the Ecumenical Temple
  2388 | Temple   | Became a worshipper of Cheibriados the Contemplative
  2557 | D:4      | HP: 1/39 [ogre/giant club (6)]
  2558 | D:4      | Slain by an ogre

Vault maps used:
D:1:      evilmike_arrival_fibonacci_small
D:2:      grunt_gozag_breadcrumbs, first_bread, minmay_fountain_box
D:3:      uniq_grinder
D:4:      nicolae_overflow_crystal_walls, minmay_temple_entry_statues_fountains
Temple:   dpeg_five_rooms_temple_12

Skill      XL: |  1  2  3  4  5  6 |
---------------+-------------------+-----
Maces & Flails | 2 3 4 |  4.2
Fighting       | 4 5 |  5.4
Armour         | 3 |  3.5
Stealth        | |  2.4

Action                   |  1- 3 |  4- 6 |  7- 9 || total
-------------------------+-------+-------+-------++-------
Melee: Mace              |    88 |   114 |    17 ||   219
       Bite              |    16 |    17 |     3 ||    36
  Use: Potion            |       |     1 |     1 ||     2
 Stab: Invisible         |       |       |     1 ||     1
  Eat: Chunk             |     1 |     2 |       ||     3
       Bread ration      |       |     1 |       ||     1
Armor: Ring mail         |    13 |       |       ||    13
       Scale mail        |    34 |    38 |     9 ||    81
       Skin              |       |    27 |       ||    27
Dodge: Dodged            |    54 |    63 |    13 ||   130
